 Dungeon Crawl Stone Soup version 0.31-a0-232-gb1c03b2570 (webtiles) character file.

Game seed: 12116331483260004744

70 qw the Shooter (level 4, -3/26 HPs)
             Began as a Gargoyle Hexslinger on July 6, 2023.
             Slain by Terence
             ... wielding a +0 hand axe
              (4 damage)
             ... on level 2 of the Dungeon.
             The game lasted 00:00:24 (773 turns).

qw the Shooter (Gargoyle Hexslinger)                 Turns: 773, Time: 00:00:24

Health: -3/26      AC:  5    Str: 11    XL:     4   Next: 22%
Magic:  5/5        EV: 12    Int: 14    God:
Gold:   26         SH:  0    Dex: 14    Spells: 4/5 levels left

rFire   . . .        Y - +1 sling
rCold   . . .        (no shield)
rNeg    + . .        c - +0 robe
rPois   inf          (no helmet)
rElec   +            (no cloak)
rCorr   .            (no gloves)
SInv    +            (no boots)
Will    .....        (no amulet)
Stlth   +            f - ring of see invisible
HPRegen 0.24/turn    (no ring)
MPRegen 0.09/turn

%: no passive effects
@: about to teleport
A: sickness immunity, AC +3, negative energy resistance 1, electricity
resistance, torment resistance 1, petrification resistance
a: no special abilities


You were on level 2 of the Dungeon.
You visited 1 branch of the dungeon, and saw 2 of its levels.

You collected 26 gold pieces.


Innate Abilities, Weirdness & Mutations

You are immune to sickness and miasma.
Your stone body is resilient. (AC +3)
You are immune to poison.
You resist negative energy. (rN+)
You are resistant to electric shocks. (rElec)
You are resistant to unholy torment.
You are immune to petrification.


   Skills:
 - Level 2.0 Fighting
 + Level 4.0 Ranged Weapons
 - Level 1.5 Dodging
 - Level 1.0 Spellcasting
 - Level 2.6 Hexes


You had 4 spell levels left.
You knew the following spells:

 Your Spells              Type           Power      Damage    Failure   Level
a - Slow                  Hex            32%        N/A       9%          1

Your spell library contained the following spells:

 Spells                   Type           Power      Damage    Failure   Level
 Inner Flame              Hex/Fire       4%         N/A       41%         3
 Portal Projectile        Hex/Tloc       8%         N/A       41%         3
 Cause Fear               Hex            4%         N/A       65%         4

Inventory:

Hand Weapons
 Y - a +1 sling (weapon)
Armour
 c - a +0 robe (worn)
Jewellery
 f - a ring of see invisible (left hand)
Scrolls
 a - a scroll of teleportation
 b - a scroll of enchant armour {unknown}
Potions
 g - a potion of resistance {unknown}

Dungeon Overview and Level Annotations

Branches:
Dungeon (2/15)

Altars:
Makhleb

Annotations:
D:2 Terence


Message History

The sling bullet hits Terence but does no damage.
Terence is moderately wounded.
Terence barely misses you.
You shoot a sling bullet.
The sling bullet hits Terence but does no damage.
Terence is moderately wounded.
Terence barely misses you.
You shoot a sling bullet.
The sling bullet hits Terence but does no damage.
Terence is moderately wounded.
You hear an angry hiss.
Terence hits you with a +0 hand axe.
An adder comes into view.
You shoot a sling bullet. The sling bullet hits Terence.
Terence is moderately wounded.
Terence shouts, "DIE!!!"
Terence hits you with a +0 hand axe. Terence barely misses you.
You shoot a sling bullet.
The sling bullet closely misses Terence.
Terence hits you with a +0 hand axe! The adder closely misses you.
You shoot a sling bullet. The sling bullet barely misses Terence.
The adder closely misses you. Terence hits you but does no damage.
You shoot a sling bullet.
The sling bullet closely misses Terence.
The adder closely misses you. Terence hits you with a +0 hand axe!
The adder bites you but does no damage.
You shoot a sling bullet. The sling bullet hits Terence.
Terence is heavily wounded.
Terence hits you with a +0 hand axe. The adder bites you.
772 ||| READING 2 scrolls of teleportation.
As you read the scroll of teleportation, it crumbles to dust.
You feel strangely unstable. The adder closely misses you.
Terence barely misses you. The adder closely misses you.
You shoot a sling bullet.
The sling bullet hits Terence but does no damage.
Terence is heavily wounded.
Terence closely misses you. The adder closely misses you.
Terence hits you with a +0 hand axe.
You die...

######### ####
#.......# ....
#.....?.#####..#
#..........@S#
#.......####@#
#.......# .#
###.##### .# #.#
.. #.# .. #)#
... #.# ... #)#


You could see Terence and an adder.

Vanquished Creatures
  3 gnolls (D:2)
  An adder (D:2)
  2 bats (D:1)
  4 endoplasms (D:1)
  A giant cockroach (D:1)
  6 hobgoblins (D:1)
  3 jackals (D:1)
  2 kobolds (D:1)
  A quokka (D:1)
  3 ball pythons (D:1)
  A goblin (D:1)
  4 rats (D:1)
  A spectral kobold (D:1)
32 creatures vanquished.

Notes
Turn   | Place    | Note
-------+----------+-------------------------------------------
     0 | D:1      | qw the Gargoyle Hexslinger began the quest for the Orb.
     0 | D:1      | Reached XP level 1. HP: 12/12 MP: 2/2
     0 | D:1      | 0 ||| qw: Version: 0.3-a-46-gb1f654a
     0 | D:1      | 0 ||| qw: Game counter: 2032
     0 | D:1      | 0 ||| qw: Melee chars always use a shield: true
     0 | D:1      | 0 ||| qw: God list: Okawaru
     0 | D:1      | 0 ||| qw: Allow faded altars: false
     0 | D:1      | 0 ||| qw: Do Orc after clearing Dungeon:15 true
     0 | D:1      | 0 ||| qw: Do second Lair branch before Depths: true
     0 | D:1      | 0 ||| qw: Lair rune preference: random
     0 | D:1      | 0 ||| qw: Goals: Normal
     0 | D:1      | 0 ||| PLANNING D:1-11
   129 | D:1      | Reached XP level 2. HP: 13/16 MP: 3/3
   162 | D:1      | Reached skill level 3 in Ranged Weapons
   394 | D:1      | Reached XP level 3. HP: 21/21 MP: 4/4
   587 | D:1      | Found a faded altar of an unknown god.
   628 | D:1      | Found a burning altar of Makhleb.
   629 | D:1      | 629 ||| DROPPING scarf of shadows.
   630 | D:1      | 630 ||| UPGRADING to ring of see invisible.
   631 | D:1      | 631 ||| READING 3 scrolls labelled WIXTURCH SUKAOSA.
   636 | D:1      | 636 ||| DROPPING scroll of poison.
   689 | D:2      | Reached XP level 4. HP: 26/26 MP: 5/5
   702 | D:2      | Reached skill level 4 in Ranged Weapons
   757 | D:2      | Noticed Terence
   771 | D:2      | HP: 4/26 [Terence/+0 hand axe (3)]
   771 | D:2      | HP: 1/26 [adder (3)]
   772 | D:2      | 772 ||| READING 2 scrolls of teleportation.
   773 | D:2      | Slain by Terence

Levels and vault maps discovered:
D:1:      sevenhm_arrival_forest_fort_small_6, layout_basic,
          dreamdust_ecumenical_altar_drowned_temple
D:2:      layout_basic, uniq_terence

Skill      XL: |  1  2  3  4 |
---------------+-------------+-----
Ranged Weapons | 3 4 |  4.0
Fighting       | 2 |  2.0
Dodging        | |  1.5
Spellcasting   | |  1.0
Hexes          | |  2.6

Action                     |  1- 3 |  4- 6 || total
---------------------------+-------+-------++-------
   Fire: Sling             |    90 |    28 ||   118
    Use: Scroll            |     1 |     1 ||     2
 Armour: Robe              |    11 |     2 ||    13
  Dodge: Dodged            |    21 |    21 ||    42

Table legend:
 A = Non-vault XP
 B = Vault XP
 C = Vault XP percentage of total XP
 D = Non-vault monster count
 E = Vault monster count
 F = Vault count percentage of total count
                 A         B        C        D         E       F
            +---------+---------+-------+---------+---------+-------
      Total |     100 |       1 |   1.0 |      31 |       1 |   3.1
            +---------+---------+-------+---------+---------+-------
        D:1 |      44 |       1 |   2.2 |      27 |       1 |   3.6
        D:2 |      56 |       0 |   0.0 |       4 |       0 |   0.0
            +---------+---------+-------+---------+---------+-------
